 Dungeon Crawl Stone Soup version 0.28-a0-381-g937acc2988 (webtiles) character file.

Game seed: 10631607147849807732

3160 Sweetruy1997 the Cleaver (level 9, -4/75 HPs)
             Began as a Hill Orc Monk on Sept 1, 2021.
             Was a Believer of Beogh.
             Slain by an orc warrior (6 damage)
             ... on level 8 of the Dungeon.
             The game lasted 00:17:53 (11810 turns).

Sweetruy1997 the Cleaver (Hill Orc Monk)           Turns: 11810, Time: 00:17:54

Health: -4/75      AC: 19    Str: 21    XL:     9   Next: 94%
Magic:  0/9        EV:  4    Int: 10    God:    Beogh [**....]
Gold:   462        SH:  8    Dex: 15    Spells: 8/8 levels left

rFire   . . .      SeeInvis .   n - +2 glaive (venom)
rCold   . . .      Faith    .   (shield currently unavailable)
rNeg    . . .      Spirit   +   a - +2 crystal plate armour
rPois   +          Reflect  .   g - +0 helmet
rElec   .          Harm     .   (no cloak)
rCorr   .          Rampage  .   (no gloves)
Will    .....                   (no boots)
Stlth   ..........              p - brooch of Shielding {Spirit SH+8}
HPRegen 0.22/turn               f - ring of poison resistance
MPRegen 0.11/turn               q - +6 ring of strength

@: mighty
A: no striking features
a: Renounce Religion, Smiting


You were on level 8 of the Dungeon.
You worshipped Beogh.
Beogh was pleased with you.
You visited 2 branches of the dungeon, and saw 9 of its levels.
You also visited: Sewer.

You collected 462 gold pieces.

Inventory:

Hand Weapons
 n - a +2 glaive of venom (weapon)
Armour
 a - a +2 crystal plate armour (worn)
 g - a +0 helmet (worn)
Jewellery
 f - a ring of poison resistance (left hand)
 j - a ring of positive energy
 p - the brooch of Shielding (around neck) {Spirit SH+8}
   (You found it on level 6 of the Dungeon)

   [amulet of guardian spirit]

   It causes incoming damage to be divided between your reserves of health and
   magic.
   SH:        It affects your SH (+8).
 q - a +6 ring of strength (right hand)
 s - an amulet of the acrobat
Scrolls
 d - 6 scrolls of teleportation
 i - a scroll of magic mapping {unknown}
 k - a scroll of amnesia
 l - a scroll of enchant armour {unknown}
Potions
 b - 3 potions of haste
 c - 6 potions of curing
 h - a potion of flight
 o - a potion of brilliance {unknown}


   Skills:
 - Level 6.0 Fighting
 - Level 10.4(12.3) Axes
 + Level 9.5(10.9) Polearms
 - Level 4.0 Armour
 + Level 3.6 Dodging
 - Level 2.0 Stealth
 + Level 2.7 Shields


You had 8 spell levels left.
You didn't know any spells.
Your spell library contained the following spells:

 Spells                   Type           Power      Damage    Failure   Level
 Magic Dart               Conj           0%         1d3       100%        1
 Searing Ray              Conj           0%         3d3       100%        2
 Fulminant Prism          Conj/Hex       0%         3d6       100%        4


Dungeon Overview and Level Annotations

Branches:
Dungeon (8/15)             Temple (1/1) D:6           Sewer (visited)
   Lair: D:8-11

Altars:
Ashenzari
Cheibriados
Dithmenos
Elyvilon
Fedhas
Gozag
Hepliaklqana
Kikubaaqudgha
Nemelex Xobeh
Qazlal
Sif Muna
Trog
Uskayaw
Vehumet
Wu Jian
Yredelemnul
Zin
The Shining One


Message History

Reactivating autopickup.
You feel a bit more experienced. The warg bites you!
* * * LOW HITPOINT WARNING * * *
You slash the warg!
The warg is moderately wounded.
You block the warg's attack.
You slash the warg!
The warg is severely wounded.
The warg bites you!
* * * LOW HITPOINT WARNING * * *
The warg barely misses you.
Your crystal plate armour prevents you from hitting the warg.
The warg is severely wounded.
The orc priest miscasts a cantrip.
The warg bites you but does no damage.
You slice the warg!!
You kill the warg!
Beogh accepts your kill.
You hit the orc warrior.
The orc warrior is moderately wounded.
The orc warrior hits you with a +0 dire flail!
* * * LOW HITPOINT WARNING * * *
The orc priest miscasts a cantrip.
You barely miss the orc warrior.
The orc warrior is lightly wounded.
The orc priest invokes the aid of Beogh against you.
Beogh smites you!
* * * LOW HITPOINT WARNING * * *
The orc warrior hits you but does no damage.
The orc priest miscasts a cantrip.
Unknown command.
As you read the scroll of fog, it crumbles to dust.
The scroll dissolves into smoke.
The orc warrior hits you but does no damage.
You closely miss the orc warrior.
The orc warrior is lightly wounded.
The orc warrior barely misses you.
The orc warrior hits you with a +0 dire flail.
You die...
Beogh appreciates the orc warrior's killing of a heretic priest.

###################
#..................
#.#################
####.#.........# #
#....#.#######.# #
#.#..#.# #.# #
#.#§##.# #.#######
#.#oo@.# ##........
. ..#o####
#.....####
....####§#
#.###.####
.....o§§§# ###
#.#.......
....o§####
#.###.#######.
..... #.##....# #.
.... ##.#####.# #.
... #.....##.# #.
.# #####.##.# ###.


You could see an orc warrior and 2 orc priests.

Vanquished Creatures
  Joseph (D:7)
  2 wargs (D:8)
  An orc warrior (D:6)
  2 hornet zombies
  A black bear (D:7)
  3 ogres
  3 centaurs
  10 kobold brigands
  A wyvern skeleton (D:7)
  A water moccasin skeleton (D:4)
  7 howler monkeys
  3 hounds
  A centaur zombie (D:5)
  A bullfrog skeleton (D:6)
  2 centaur skeletons
  3 iguanas
  4 orc wizards
  2 hound skeletons (D:4)
  10 adders
  A river rat (Sewer)
  A shadow imp (D:5)
  2 white imps (D:5)
  4 ufetubi
  3 worms
  2 dart slugs
  10 orcs
  8 bats
  8 endoplasms
  5 giant cockroaches
  2 goblins
  8 hobgoblins
  8 jackals
  6 quokkas
  8 ball pythons
  4 frilled lizards
  7 kobolds
  17 rats
162 creatures vanquished.

Vanquished Creatures (others)
  An adder (D:6)
  An orc (D:6)
2 creatures vanquished.

Grand Total: 164 creatures vanquished

Notes
Turn   | Place    | Note
-------+----------+-------------------------------------------
     0 | D:1      | Sweetruy1997 the Hill Orc Monk began the quest for the Orb.
     0 | D:1      | Reached XP level 1. HP: 19/19 MP: 1/1
   349 | D:1      | Reached XP level 2. HP: 25/27 MP: 2/2
   727 | D:1      | Reached XP level 3. HP: 14/33 MP: 3/3
  1144 | D:1      | Found a faded altar of an unknown god.
  1175 | D:1      | Reached skill level 5 in Axes
  2195 | D:2      | Reached XP level 4. HP: 12/40 MP: 4/4
  3324 | D:3      | Noticed an ogre
  3358 | D:3      | Found an opulent altar of Gozag.
  3595 | D:3      | Reached XP level 5. HP: 38/47 MP: 5/5
  3691 | D:3      | Killed an ogre
  3692 | D:3      | Reached skill level 6 in Axes
  3766 | D:3      | Found a glowing drain.
  3777 | Sewer    | Entered a sewer
  3925 | Sewer    | Noticed a kobold brigand
  3989 | Sewer    | Killed a kobold brigand
  3990 | Sewer    | Reached skill level 5 in Fighting
  3990 | Sewer    | Reached skill level 7 in Axes
  3990 | Sewer    | Reached XP level 6. HP: 11/56 MP: 6/6
  4282 | Sewer    | Reached skill level 1 in Armour
  4812 | Sewer    | Reached XP level 7. HP: 53/61 MP: 7/7
  5407 | Sewer    | Reached skill level 8 in Axes
  6433 | Sewer    | Reached skill level 9 in Axes
  6433 | Sewer    | Reached XP level 8. HP: 59/70 MP: 8/8
  6937 | D:4      | Found a sparkling altar of Nemelex Xobeh.
  7428 | D:4      | Found a bloodstained altar of Trog.
  7843 | D:5      | Entered Level 5 of the Dungeon
  7984 | D:5      | Reached skill level 10 in Axes
  8193 | D:5      | Identified a scroll of acquirement
  8193 | D:5      | Acquired a +2 crystal plate armour
  8238 | D:5      | Found a shadowy altar of Dithmenos.
  8247 | D:5      | Reached skill level 1 in Polearms
  8611 | D:5      | Found a broken altar of Ashenzari.
  8880 | D:6      | Became a worshipper of Beogh the Brigand
  8880 | D:6      | Reached * piety under Beogh
  8880 | D:6      | Reached ** piety under Beogh
  9387 | D:6      | Found a staircase to the Ecumenical Temple.
  9396 | Temple   | Entered the Ecumenical Temple
  9892 | D:6      | Reached skill level 5 in Polearms
  9892 | D:6      | Reached XP level 9. HP: 25/75 MP: 9/9
 10231 | D:6      | Found an ornate altar of the Wu Jian Council.
 10380 | D:6      | Found the brooch of Shielding {Spirit SH+8}
 10729 | D:7      | Noticed Joseph
 10745 | D:7      | Killed Joseph
 11085 | D:7      | Reached skill level 1 in Shields
 11804 | D:8      | HP: 1/75 [orc priest/divine providence (6)]
 11810 | D:8      | Slain by an orc warrior

Illustrated notes

Levels and vault maps discovered:
D:1:      minmay_arrival_loop, layout_loops_corners,
          chequers_ecumenical_altar_simple_redux, st_stairs_8
D:2:      layout_basic
D:3:      layout_loops_cross, mainiacjoe_overflow_concentric_impassable,
          cheibrodos_sewer_entry_bend
D:4:      layout_loops_corners, mainiacjoe_overflow_boulevard,
          amcnicky_altar_gilded
D:5:      layout_rooms, grunt_dithmenos_smoke, nicolae_overflow_crystal_walls,
          st_stairs_5
D:6:      layout_basic, lemuel_crystal_altar, minmay_temple_entry_sparse_star
D:7:      layout_basic, st_stairs_7, item_on_display_a, uniq_joseph
D:8:      layout_basic, erik_lair_orcish_takeover
Temple:   minmay_temple_forest_path

Skill      XL: |  1  2  3  4  5  6  7  8  9 |
---------------+----------------------------+-----
Fighting       | 4 5 6 |  6.0
Axes           | 5 7 9 10 | 10.4
Stealth        | 2 |  2.0
Dodging        | 3 |  3.6
Armour         | 1 4 |  4.0
Polearms       | 5 9 |  9.5
Shields        | 2 |  2.7

Action                   |  1- 3 |  4- 6 |  7- 9 || total
-------------------------+-------+-------+-------++-------
Melee: Hand axe          |   153 |   230 |   362 ||   745
       Glaive            |       |       |   211 ||   211
Invok: Convert to Beogh  |       |       |     1 ||     1
  Use: Scroll            |     2 |     6 |     6 ||    14
       Potion            |       |     1 |     4 ||     5
 Stab: Sleeping          |     7 |     4 |       ||    11
Armor: Robe              |    40 |    18 |       ||    58
       Chain mail        |       |    40 |   136 ||   176
       Crystal plate arm |       |       |   213 ||   213
Dodge: Dodged            |   117 |   102 |   130 ||   349
Block: Other             |       |       |    48 ||    48

Table legend: (Time is in decaauts)
 A = Elapsed time spent in this place.
 B = Non-inter-level travel time spent in this place.
 C = Inter-level travel time spent in this place.
 D = Time resting spent in this place.
 E = Time spent auto-exploring this place.
 F = Levels seen in this place.
 G = Mean time per level.
                   A        B        C        D        E       F      G
               +--------+--------+--------+--------+--------+-----+--------+
         Total |  12005 |  11722 |    283 |   4189 |   5463 |  10 | 1200.5 |
       Dungeon |   8688 |   8458 |    230 |   2423 |   4473 |   8 | 1086.0 |
        Temple |    427 |    374 |     53 |      0 |    359 |   1 |  427.0 |
         Sewer |   2889 |   2889 |      0 |   1766 |    631 |   1 | 2889.0 |
               +--------+--------+--------+--------+--------+-----+--------+

Top non-repeatable levels by time:
   Sewer: 2889 daAuts
     D:2: 1760 daAuts
     D:1: 1496 daAuts
     D:6: 1320 daAuts
     D:5: 1030 daAuts
     D:4: 951 daAuts
     D:7: 915 daAuts
     D:3: 884 daAuts
  Temple: 427 daAuts
     D:8: 327 daAuts
